AoeStats
← simirfan

Nomad

513013238Analyzed
3v3 RM · 6d ago on Oct 11, 2026· 94m 43s· 6 players
Game mode
Random Map
Map size
210×210
Population
200
Speed
Normal
Resources
Standard
Victory
Conquest
Starting age
Dark Age
Ending age
Imperial Age
RankedLock teamsTeams togetherTeam positionsShared explorationLock speedFull tech treeHidden civsTurbo modeCheats
Victory
Defeat
🇧🇪 Japanese · Belgium
1140
+16
🇬🇧 Persians · United Kingdom
1121
+17
🇧🇪 Wu · Belgium
1111
+18
vs
🇹🇷 Romans · Türkiye
1165
-17
🇹🇷 Bohemians · Türkiye
1144
-17
🇹🇷 Goths · Türkiye
1140
-17
Gigantesco Mano
10:38 Loom
12:24 Feudal Age
16:36 Castle Age
15:51 Horse Collar
16:55 Double-Bit Axe
24:01 Heavy Plow
27:48 Stone Mining
30:14 Scale Barding Armor
31:51 Chain Barding Armor
31:42 Forging
34:42 Iron Casting
33:59 Fletching
38:52 Imperial Age
37:03 Wheelbarrow
37:26 Bloodlines
37:52 Bow Saw
40:07 Cavalier
41:33 Plate Barding Armor
41:59 Blast Furnace
42:07 Savar
46:03 Gold Mining
66:53 Gold Shaft Mining
84:24 Two-Man Saw
Rogeranium
5:53 Loom
15:05 Feudal Age
15:45 Double-Bit Axe
21:41 Castle Age
21:05 Stone Mining
23:48 Horse Collar
26:10 Wheelbarrow
29:49 Bow Saw
30:51 Town Watch
32:15 Gold Mining
33:47 Scale Barding Armor
33:44 Scale Mail Armor
33:55 Forging
34:02 Fletching
37:08 Hand Cart
41:49 Imperial Age
40:13 Gold Shaft Mining
39:52 Scale Barding Armor
40:10 Chain Mail Armor
41:09 Iron Casting
41:58 Elite Samurai
42:59 Conscription
46:13 Gambesons
46:30 Squires
47:32 Plate Mail Armor
53:16 Blast Furnace
52:36 Town Patrol
53:52 Two-Man Saw
52:57 Heavy Plow
54:35 Arson
57:57 Bodkin Arrow
66:50 Coinage
68:44 Banking
75:48 Caravan
85:44 Ballistics
89:47 Bracer
94:52 Fervor
Logh
5:30 Loom
13:26 Feudal Age
17:20 Castle Age
15:34 Fletching
15:39 Double-Bit Axe
17:33 Town Watch
18:26 Wheelbarrow
22:31 Bodkin Arrow
22:37 Padded Archer Armor
24:37 Leather Archer Armor
31:55 Ballistics
36:05 Bow Saw
40:19 Imperial Age
39:19 Red Cliffs Tactics
39:44 Gold Mining
42:59 Chemistry
44:27 Conscription
43:43 Elite Fire Archer
47:58 Bracer
66:31 Town Patrol
66:47 Hand Cart
67:34 Two-Man Saw
simirfan
2:50 Loom
14:37 Feudal Age
14:57 Man-at-Arms
16:42 Scale Mail Armor
16:57 Forging
18:35 Horse Collar
20:44 Fishing Lines
24:11 Castle Age
22:50 Double-Bit Axe
23:45 Gold Mining
23:46 Stone Mining
24:08 Padded Archer Armor
23:59 Fletching
24:16 Scale Barding Armor
25:56 Wheelbarrow
25:08 Town Watch
25:21 Long Swordsman
26:01 Gillnets
26:55 Chain Mail Armor
27:08 Heavy Plow
29:43 Iron Casting
29:28 Leather Archer Armor
30:40 Squires
31:18 Pikeman
32:48 Bow Saw
34:03 Hand Cart
34:53 Gold Shaft Mining
41:05 Imperial Age
39:08 Murder Holes
41:34 Heavy Scorpion
43:32 Ballistas
43:48 Comitatenses
43:49 Conscription
43:26 Capped Ram
45:59 Chemistry
45:12 Fortified Wall
45:23 Sappers
46:10 Halberdier
52:14 Town Patrol
53:21 Crop Rotation
74:43 Siege Ram
Geosim
2:56 Loom
14:44 Feudal Age
15:34 Double-Bit Axe
15:17 Man-at-Arms
17:20 Gold Mining
18:21 Forging
18:11 Scale Mail Armor
20:54 Horse Collar
22:15 Wheelbarrow
24:57 Castle Age
23:28 Fishing Lines
24:57 Long Swordsman
25:39 Squires
29:42 Bow Saw
32:18 Iron Casting
32:06 Chain Mail Armor
34:58 Gillnets
35:21 Town Watch
38:19 Hand Cart
45:07 Imperial Age
43:07 Anarchy
43:54 Stone Mining
45:57 Elite Huskarl
46:18 Two-Handed Swordsman
49:49 Blast Furnace
49:40 Conscription
49:40 Champion
51:30 Pikeman
53:33 Halberdier
83:13 Bloodlines
83:04 Husbandry
82:25 Light Cavalry
85:30 Scale Barding Armor
M.S.
4:55 Loom
14:58 Feudal Age
16:45 Wheelbarrow
20:34 Fishing Lines
22:27 Horse Collar
22:39 Double-Bit Axe
23:22 Fishing Lines
27:16 Castle Age
26:09 Forging
26:00 Scale Mail Armor
28:41 Medium Warships
28:27 Gillnets
30:28 Bow Saw
30:20 Heavy Plow
33:31 Imperial Age
31:47 Pikeman
32:28 Squires
35:26 Chemistry
35:53 Wagenburg Tactics
36:45 Fervor
36:40 Padded Archer Armor
36:30 Fletching
39:35 Hand Cart
39:06 Town Watch
41:32 Town Patrol
41:47 Murder Holes
41:25 Cavalier
42:06 Husbandry
42:44 Iron Casting
42:34 Light Cavalry
47:59 Blast Furnace
47:14 Chain Mail Armor
46:52 Fletching
47:17 Leather Archer Armor
48:42 Elite Skirmisher
49:41 Leather Archer Armor
54:01 Bodkin Arrow
57:04 Scale Barding Armor
57:31 Plate Mail Armor
57:01 Bracer
57:31 Ring Archer Armor
59:15 Two-Man Saw
58:39 Arson
61:24 Chain Barding Armor
61:00 Halberdier
62:25 Elite Hussite Wagon
65:04 Ring Archer Armor
76:59 Capped Ram
Connection lost

Rejoining the realm…

Still unreachable

The connection could not be restored.

Session expired

The server has moved on; the page needs a fresh start.